[Event "Titled Tuesday Blitz November 14 Late 2023"]
[White "Dourerassou, Jonathan"]
[Black "Kamsky, Gata"]
[WhiteFideId "628050"]
[BlackFideId "2000024"]
[WhiteElo "2789"]
[BlackElo "2933"]
[Result "1-0"]
[Round "11"]
[TimeControl "180+1"]
[Date "2023.11.14"]
[WhiteClock "0:00:35"]
[BlackClock "0:00:00"]
[Board "13"]

1. d4 f5 2. Nc3 Nf6 3. g3 e6 4. Bg2 d5 5. Nf3 a6 6. O-O c5 7. Bf4 Nc6 8. e3 Bd6 9. Ne5 O-O 10. Nxc6 bxc6 11. dxc5 Bxc5 12. Na4 Bd6 13. c4 a5 14. Qd4 Rb8 15. b3 Re8 16. Be5 Rb4 17. Rfd1 Bxe5 18. Qxe5 Bd7 19. Nc5 Qb8 20. Qc3 Qa7 21. Nd3 Rbb8 22. Ne5 Rec8 23. Rac1 h6 24. h3 Qb6 25. g4 fxg4 26. hxg4 Qb4 27. Qd4 Be8 28. Qf4 Qe7 29. g5 Nh5 30. Qg4 Qxg5 31. Qxe6+ Kh7 32. cxd5 Nf6 33. Nf3 Qg6 34. dxc6 Rc7 35. Nh4 Qg5 36. Qf5+ g6 37. Qxg5 hxg5 38. Nf3 Kh6 39. Nd4 Bf7 40. Rc5 a4 41. Nb5 Re7 42. c7 Rc8 43. bxa4 1-0


[Site "https://www.chess.com"]

[Event "Titled Tuesday Blitz November 14 Late 2023"]
[White "Schnaider, Ilan"]
[Black "Yeletsky, Ivan"]
[WhiteFideId "169013"]
[BlackFideId "24180327"]
[WhiteElo "2727"]
[BlackElo "2891"]
[Result "1/2-1/2"]
[Round "11"]
[TimeControl "180+1"]
[Date "2023.11.14"]
[WhiteClock "0:00:04"]
[BlackClock "0:00:03"]
[Board "14"]

1. e4 c5 2. Nf3 e6 3. d4 cxd4 4. Nxd4 Nc6 5. Bf4 d6 6. Nxc6 bxc6 7. Bd3 e5 8. Be3 Nf6 9. O-O Ng4 10. Bd2 Be7 11. c4 O-O 12. h3 Nf6 13. Nc3 a5 14. Qe2 Be6 15. Na4 Re8 16. Be3 g6 17. Rad1 Nh5 18. Bc2 Bg5 19. Bc5 Nf4 20. Qf3 Bxc4 21. Rxd6 Qc7 22. Re1 Be7 23. Rd2 Bb5 24. Bxe7 Qxe7 25. Nc3 Bc4 26. Red1 Rab8 27. Ba4 Rec8 28. Rd7 Qg5 29. Qg3 Qf6 30. R7d6 Be6 31. Bb3 Kg7 32. Bxe6 Nxe6 33. b3 Rb4 34. Nd5 cxd5 35. exd5 Rd4 36. Rxd4 Nxd4 37. Rxf6 Ne2+ 38. Kh2 Nxg3 39. Ra6 Nf1+ 40. Kg1 Rc1 41. Rxa5 Rd1 42. d6 Ng3+ 43. Kh2 Nf1+ 44. Kg1 Kf6 45. d7 Ne3+ 46. Kh2 Nf5 47. g4 Ne7 48. Ra6+ Kg7 49. Ra7 Nc6 50. Rc7 Nd8 51. a4 Rd2 52. Kg2 e4 53. Kf1 Kf6 54. a5 Ra2 55. Rc8 Ke7 56. b4 Kxd7 57. Rb8 Nc6 58. Rb7+ Ke6 59. Rb6 Kd5 60. a6 Nxb4 61. Rxb4 Rxa6 62. Ke2 Ra2+ 63. Kf1 Ra3 64. Kg2 Ra7 65. Kg3 Re7 66. Ra4 Ke5 67. Rb4 f5 68. Rb5+ Kf6 69. Kf4 fxg4 70. hxg4 h6 71. Rb6+ Kf7 72. g5 hxg5+ 73. Kxg5 Re5+ 74. Kf4 Rf5+ 75. Ke3 Rf3+ 76. Ke2 g5 77. Rb4 Rf4 78. Ke3 Rf3+ 79. Ke2 Rf4 80. Ke3 Rf3+ 81. Ke2 1/2-1/2


[Site "https://www.chess.com"]

[Event "Titled Tuesday Blitz November 14 Late 2023"]
[White "Sydoryka, Vladyslav"]
[Black "Eljanov, Pavel"]
[WhiteFideId "14145928"]
[BlackFideId "14102951"]
[WhiteElo "2706"]
[BlackElo "2875"]
[Result "1-0"]
[Round "11"]
[TimeControl "180+1"]
[Date "2023.11.14"]
[WhiteClock "0:00:01"]
[BlackClock "0:00:04"]
[Board "15"]

1. c4 e5 2. g3 f5 3. d4 d6 4. Nf3 Qe7 5. Nc3 c6 6. c5 e4 7. cxd6 Qxd6 8. Nh4 Be7 9. Bf4 Qb4 10. Qd2 Be6 11. Bh3 Bxh4 12. gxh4 Na6 13. Rg1 Qe7 14. Be5 Nf6 15. Qg5 O-O 16. Nxe4 fxe4 17. Bxe6+ Kh8 18. Bb3 Nb4 19. O-O-O a5 20. Rg3 a4 21. Be6 a3 22. Rdg1 g6 23. Bb3 axb2+ 24. Kb1 Nxa2 25. Bxa2 Rxa2 26. Kxa2 Kg8 27. Bxf6 Rxf6 28. Qc5 Qf7+ 29. Kxb2 Rxf2 30. Rc1 Rxe2+ 31. Rc2 Re1 32. Ra3 Qf1 33. Ra8+ Kg7 34. Qe5+ Kh6 35. Qg5+ Kg7 36. Qe7+ Kh6 37. Qf8+ Qxf8 38. Rxf8 Rd1 39. Rf7 b5 40. Rxc6 e3 41. Rcc7 Kh5 42. Rxh7+ Kg4 43. Rce7 Rd3 44. Re4+ Kf3 45. Rhe7 b4 46. Kc2 Rc3+ 47. Kb2 Rd3 48. R7e6 Kf2 49. Rxg6 1-0


[Site "https://www.chess.com"]

[Event "Titled Tuesday Blitz November 14 Late 2023"]
[White "Mikaelyan, Arman"]
[Black "Jovic, Stanoje"]
[WhiteFideId "13304852"]
[BlackFideId "905020"]
[WhiteElo "2831"]
[BlackElo "2569"]
[Result "1-0"]
[Round "11"]
[TimeControl "180+1"]
[Date "2023.11.14"]
[WhiteClock "0:01:32"]
[BlackClock "0:00:00"]
[Board "17"]

1. e4 c6 2. d4 d5 3. exd5 cxd5 4. Bd3 Nc6 5. c3 g6 6. Bf4 Nh6 7. Nd2 f6 8. Ne2 Nf7 9. O-O Bg7 10. Bg3 O-O 11. f4 Bf5 12. Bxf5 gxf5 13. Nf3 Nd6 14. Nc1 Ne4 15. Nd3 a5 16. Nc5 Qc8 17. Nh4 b6 18. Nxe4 dxe4 19. Qb3+ Kh8 20. d5 Nd8 21. Qxb6 Rb8 22. Qf2 Nf7 23. Rfc1 Nd6 24. c4 a4 25. c5 Nf7 26. Qd4 Rd8 27. d6 exd6 28. c6 Rb5 29. Rc4 Qc7 30. Rac1 d5 31. Rxa4 Rb6 32. Nxf5 Rxc6 33. Rxc6 Qxc6 34. h3 Nd6 35. Nxd6 Qxd6 36. Ra7 Rd7 37. f5 Qe7 38. Ra8+ Bf8 39. Bh4 Rd6 40. Ra7 Qe5 41. Qxe5 fxe5 42. Bg3 Bg7 43. Ra8+ 1-0


[Site "https://www.chess.com"]

[Event "Titled Tuesday Blitz November 14 Late 2023"]
[White "Troff, Kayden"]
[Black "Jamal-Jamal-Jamal"]
[WhiteFideId "2047896"]
[WhiteElo "2823"]
[BlackElo "2489"]
[Result "1-0"]
[Round "11"]
[TimeControl "180+1"]
[Date "2023.11.14"]
[WhiteClock "0:00:42"]
[BlackClock "0:00:02"]
[Board "18"]

1. d4 Nf6 2. Nf3 e6 3. Bf4 c5 4. e3 cxd4 5. exd4 b6 6. Nbd2 Be7 7. Bd3 Ba6 8. Qe2 Bxd3 9. Qxd3 O-O 10. O-O d6 11. Rfe1 Nbd7 12. Rad1 Qc7 13. c3 Rac8 14. Bg3 Qc6 15. Ne4 Rfe8 16. Bh4 Nxe4 17. Rxe4 Bxh4 18. Rxh4 Nf6 19. Re1 Qc4 20. Qc2 Qxa2 21. g4 g6 22. g5 Nh5 23. Nd2 Qd5 24. Ne4 Kg7 25. Qe2 Rcd8 26. Rxh5 gxh5 27. Qxh5 Qf5 28. Qh6+ Kh8 29. Nf6 Rg8 30. Nxg8 Rxg8 31. h4 Qf3 32. Re3 Qf5 33. Qh5 Rg7 34. Rf3 Qb1+ 35. Kg2 Qe4 36. Kh2 Kg8 37. Kg3 Qc2 38. Qg4 Qxb2 39. Qf4 Qb5 40. Qxd6 Qe8 41. c4 h6 42. c5 hxg5 43. h5 bxc5 44. dxc5 Qa4 45. c6 Qh4+ 46. Kg2 Qg4+ 47. Rg3 Qe4+ 48. Kh2 Qh4+ 49. Kg1 Qc4 50. c7 Qc1+ 51. Kh2 Kh7 52. Qd3+ Kh6 53. Qc3 Qf4 54. c8=Q Qxf2+ 55. Rg2 Qh4+ 56. Qh3 Qf4+ 57. Qg3 Qf5 58. Qh8+ Rh7 59. Qf8+ Kxh5 60. Qg8 f6 61. Qh3+ Qxh3+ 62. Kxh3 Rh6 63. Kg3 f5 64. Rh2# 1-0


[Site "https://www.chess.com"]

[Event "Titled Tuesday Blitz November 14 Late 2023"]
[White "Djordjevic, Dejan N"]
[Black "Ghasi, Ameet K"]
[WhiteFideId "913316"]
[BlackFideId "409200"]
[WhiteElo "2125"]
[BlackElo "2806"]
[Result "0-1"]
[Round "11"]
[TimeControl "180+1"]
[Date "2023.11.14"]
[WhiteClock "0:00:00"]
[BlackClock "0:00:08"]
[Board "19"]

1. e4 g6 2. d4 Bg7 3. g3 d6 4. Bg2 Nf6 5. Ne2 O-O 6. h3 Nc6 7. O-O e5 8. Be3 exd4 9. Nxd4 Bd7 10. Nc3 Qc8 11. Kh2 Re8 12. f4 Rb8 13. a4 a6 14. Nb3 Nb4 15. Re1 Bc6 16. Bd4 Bd7 17. Qd2 Nc6 18. Bg1 Re7 19. a5 Qf8 20. Re2 Rbe8 21. Rae1 Be6 22. Nd5 Bxd5 23. exd5 Rxe2 24. Rxe2 Rxe2 25. Qxe2 Ne7 26. c4 h5 27. Nd4 Qd8 28. b4 Qd7 29. Qd1 Bh6 30. Be3 Nf5 31. Nxf5 Qxf5 32. Qd4 Bg7 33. Qd2 Ne4 34. Qd3 Nxg3 35. Qxf5 Nxf5 36. Bd2 Bd4 37. Be4 Ne7 38. Kg2 Kf8 39. Kf3 Ke8 40. Ke2 Kd7 41. Kd3 Bg7 42. Be3 Ng8 43. b5 Nf6 44. Bf3 Kd8 45. bxa6 bxa6 46. c5 dxc5 47. Bxc5 Nd7 48. Bb4 Bh6 49. Ke3 Nf6 0-1


[Site "https://www.chess.com"]

[Event "Titled Tuesday Blitz November 14 Late 2023"]
[White "Gurevich, Dmitry"]
[Black "Pakleza, Zbigniew"]
[WhiteFideId "2000407"]
[BlackFideId "1119290"]
[WhiteElo "2473"]
[BlackElo "2801"]
[Result "0-1"]
[Round "11"]
[TimeControl "180+1"]
[Date "2023.11.14"]
[WhiteClock "0:00:00"]
[BlackClock "0:01:39"]
[Board "20"]

1. d4 d6 2. Nf3 Bg4 3. e4 Nf6 4. Nc3 e6 5. Be2 Be7 6. O-O O-O 7. h3 Bh5 8. Bf4 d5 9. e5 Nfd7 10. a4 c5 11. dxc5 Nc6 12. Nb5 Bxc5 13. Nd6 Rb8 14. Re1 Bxf3 15. Bxf3 Ndxe5 16. Bxe5 Nxe5 17. Rxe5 Qxd6 18. Re2 Rbc8 19. c3 a5 20. Qd3 Qb6 21. Rae1 g6 22. g3 Rfd8 23. Kg2 d4 24. c4 Rd6 25. b3 Qb4 26. Rc1 Rb6 27. Rb1 Qc3 28. Qxc3 dxc3 29. Rc2 Bd4 0-1


[Site "https://www.chess.com"]

[Event "Titled Tuesday Blitz November 14 Late 2023"]
[White "Chylewski, Patryk"]
[Black "Maksimovic, Bojan"]
[WhiteFideId "1186191"]
[BlackFideId "14408120"]
[WhiteElo "2575"]
[BlackElo "2780"]
[Result "0-1"]
[Round "11"]
[TimeControl "180+1"]
[Date "2023.11.14"]
[WhiteClock "0:00:00"]
[BlackClock "0:01:49"]
[Board "21"]

1. c4 a6 2. d4 b5 3. e4 bxc4 4. Bxc4 e6 5. Nc3 Nf6 6. e5 d5 7. exf6 dxc4 8. fxg7 Bxg7 9. Qa4+ Nd7 10. Qxc4 Nb6 11. Qc6+ Bd7 12. Qe4 f5 13. Qe2 O-O 14. Nf3 Kh8 15. O-O Rg8 16. Ne5 Be8 17. Rd1 Nd5 18. Qf3 Bxe5 19. dxe5 Bc6 20. Nxd5 Bxd5 21. Rxd5 Qxd5 22. Qxd5 exd5 23. Be3 Rgb8 24. Bd4 Rb4 25. Rd1 Kg8 26. f4 Kf7 27. g3 Ke6 28. b3 a5 29. Kf2 a4 30. bxa4 Rbxa4 31. Be3 Rxa2+ 0-1


[Site "https://www.chess.com"]

[Event "Titled Tuesday Blitz November 14 Late 2023"]
[White "Bettalli, Francesco"]
[Black "Arifarsky"]
[WhiteFideId "2816453"]
[WhiteElo "2586"]
[BlackElo "2741"]
[Result "0-1"]
[Round "11"]
[TimeControl "180+1"]
[Date "2023.11.14"]
[WhiteClock "0:00:02"]
[BlackClock "0:00:28"]
[Board "22"]

1. e4 c5 2. Nc3 g6 3. Bc4 Bg7 4. h4 h6 5. Qf3 e6 6. d4 Nc6 7. dxc5 Qa5 8. Bd2 Qxc5 9. Bb3 Nge7 10. Nge2 a6 11. h5 g5 12. Be3 Qa5 13. O-O O-O 14. Qg3 f5 15. f4 g4 16. e5 b5 17. Rfd1 Qc7 18. Bc5 Rf7 19. Qe3 Bb7 20. Bb6 Qc8 21. Rd6 Qe8 22. Rad1 Nc8 23. R6d2 Kh7 24. Bc5 Na5 25. Nd4 Nxb3 26. axb3 Ne7 27. Nde2 Nd5 28. Nxd5 Bxd5 29. Nc3 Bc6 30. b4 Bf8 31. Ra1 Rg7 32. Bxf8 Qxf8 33. Ne2 Qxb4 34. c3 Qf8 35. Ng3 Qb8 36. Rd6 Qa7 37. Kf2 Rgg8 38. Qxa7 Rxa7 39. Ke3 Kg7 40. Ra5 Kf7 41. Ne2 Bxg2 42. Raxa6 Rxa6 43. Rxa6 g3 44. Ra1 Bc6 45. Rg1 g2 46. Kf2 Rg4 47. Rd1 Ke7 48. Rd4 Rh4 49. Ng1 Rxh5 50. Rd3 Rh4 51. Ke3 h5 52. Rd2 Rh1 53. Kf2 Be4 54. Re2 Rh4 55. Ke3 Rg4 56. Re1 h4 57. Ne2 h3 58. Kf2 h2 59. Ng3 Rxg3 0-1


[Site "https://www.chess.com"]

[Event "Titled Tuesday Blitz November 14 Late 2023"]
[White "Rohan, Ahuja"]
[Black "Omariev, Maksim"]
[WhiteFideId "5090598"]
[BlackFideId "4193423"]
[WhiteElo "2709"]
[BlackElo "2535"]
[Result "1-0"]
[Round "11"]
[TimeControl "180+1"]
[Date "2023.11.14"]
[WhiteClock "0:00:10"]
[BlackClock "0:00:03"]
[Board "23"]

1. Nf3 d5 2. g3 Nf6 3. Bg2 c6 4. c4 Bf5 5. Qb3 Qb6 6. cxd5 cxd5 7. Nc3 e6 8. d3 Qxb3 9. axb3 Bb4 10. O-O Nc6 11. Be3 O-O 12. Nd4 Nxd4 13. Bxd4 a6 14. Ra4 Be7 15. e4 dxe4 16. dxe4 Bg6 17. e5 Ne8 18. Bxb7 Rb8 19. Bxa6 Rxb3 20. Ra2 Nc7 21. Bc4 Rb4 22. Ra4 Rfb8 23. b3 Bc2 24. Ra7 R8b7 25. Rxb7 Rxb7 26. Rc1 Bxb3 27. Bxb3 Rxb3 28. Ne4 Ne8 29. Rc8 Kf8 30. Nc5 Rb1+ 31. Kg2 f6 32. exf6 gxf6 33. Nxe6+ Kf7 34. Nf4 Nd6 35. Rc2 Rd1 36. Be3 Ne4 37. Rc7 Nd6 38. Rd7 Ra1 39. Nd5 Nf5 40. Nxe7 Nxe7 41. Bc5 Re1 42. Rxe7+ Rxe7 43. Bxe7 Kxe7 44. Kf3 Kf7 45. Kf4 Kg6 46. g4 h5 47. gxh5+ Kxh5 48. Kf5 1-0


[Site "https://www.chess.com"]

[Event "Titled Tuesday Blitz November 14 Late 2023"]
[White "Solon, Nathan"]
[Black "Grossboss19"]
[WhiteFideId "2017229"]
[WhiteElo "2691"]
[BlackElo "2491"]
[Result "0-1"]
[Round "11"]
[TimeControl "180+1"]
[Date "2023.11.14"]
[WhiteClock "0:00:09"]
[BlackClock "0:00:11"]
[Board "24"]

1. d4 d5 2. Bf4 Nf6 3. e3 e6 4. Nf3 Bd6 5. Ne5 O-O 6. Nd2 c5 7. c3 Nc6 8. Bd3 Qc7 9. Ndf3 Ne4 10. O-O f6 11. Nxc6 bxc6 12. Bxd6 Qxd6 13. Re1 f5 14. Ne5 cxd4 15. exd4 c5 16. Nf3 Ba6 17. Bxe4 fxe4 18. Ne5 Rf5 19. Rc1 Raf8 20. Rc2 Qe7 21. Qg4 cxd4 22. cxd4 Qb4 23. Rd1 e3 24. f4 e2 25. Rxe2 Bxe2 26. Qxe2 Rxf4 27. Nf3 Re4 28. Qc2 Qc4 29. Qxc4 dxc4 30. Rc1 Re2 31. Rxc4 Rxb2 32. Ra4 Rf7 33. h4 h6 34. Ra6 Rb6 35. Ra5 Rc7 36. Kh2 Rc2 37. Rxa7 Rbb2 38. Kh3 Rxg2 39. a4 Rgf2 40. Kg3 Rg2+ 41. Kf4 Ra2 42. Ra8+ Kh7 43. h5 Rgf2 44. Ke3 Rf1 45. Ne5 Ra3+ 46. Ke4 Re1+ 47. Kf4 Rea1 48. Ra6 Rxa4 49. Rxe6 Rxd4+ 50. Ke3 Rh4 51. Re8 Rxh5 52. Kd4 Rd1+ 53. Kc5 Re1 54. Kd6 Rhxe5 55. Rxe5 Rxe5 56. Kxe5 Kg6 0-1


[Site "https://www.chess.com"]

[Event "Titled Tuesday Blitz November 14 Late 2023"]
[White "Omelja, Artem"]
[Black "Rustemov, Alexander"]
[WhiteFideId "14119846"]
[BlackFideId "4119002"]
[WhiteElo "2599"]
[BlackElo "2837"]
[Result "1/2-1/2"]
[Round "11"]
[TimeControl "180+1"]
[Date "2023.11.14"]
[WhiteClock "0:00:07"]
[BlackClock "0:00:13"]
[Board "25"]

1. e4 e6 2. d4 d5 3. Nc3 Bb4 4. e5 c5 5. a3 Bxc3+ 6. bxc3 Ne7 7. Qg4 O-O 8. Nf3 Nbc6 9. Bd3 Qa5 10. Bd2 f5 11. exf6 Rxf6 12. Qh5 Nf5 13. O-O c4 14. Bxf5 Rxf5 15. Qh4 Bd7 16. Rfe1 h6 17. Ne5 Nxe5 18. Rxe5 Rxe5 19. dxe5 Rf8 20. Qd4 b6 21. h4 Qb5 22. Bc1 Qa4 23. Ra2 Be8 24. Qg4 Kf7 25. Qh5+ Ke7 26. Qg4 Rf7 27. Be3 Qb5 28. Qd1 Rf5 29. a4 Qd7 30. Bd4 Kf8 31. a5 Kg8 32. axb6 axb6 33. Ra8 Kh7 34. Qb1 b5 35. Qb4 Bg6 36. Qd6 Rf7 37. Qb8 Bh5 38. f3 Qe7 39. Qg8+ Kg6 40. Re8 Qxh4 41. Rxe6+ Kf5 42. Rd6 Qe1+ 43. Kh2 Qh4+ 44. Kg1 Qe1+ 45. Kh2 Qh4+ 46. Kg1 1/2-1/2


[Site "https://www.chess.com"]

[Event "Titled Tuesday Blitz November 14 Late 2023"]
[White "Djordjevic, Vuk"]
[Black "Lymar, Vladislav"]
[WhiteFideId "902098"]
[BlackFideId "14162180"]
[WhiteElo "2756"]
[BlackElo "2582"]
[Result "1-0"]
[Round "11"]
[TimeControl "180+1"]
[Date "2023.11.14"]
[WhiteClock "0:01:08"]
[BlackClock "0:00:32"]
[Board "26"]

1. d4 d6 2. Bg5 Nd7 3. Nf3 Ngf6 4. e3 e5 5. c4 Be7 6. Nc3 O-O 7. Be2 c6 8. O-O h6 9. Bh4 e4 10. Nd2 d5 11. cxd5 cxd5 12. f3 exf3 13. Nxf3 Re8 14. Bd3 Qb6 15. Qc2 Nf8 16. Bxf6 Qxf6 17. Nxd5 Qe6 18. Nc7 Qxe3+ 19. Kh1 Bg4 20. Rae1 Qf4 21. Nxa8 Rc8 22. Qb3 Be6 23. d5 Nd7 24. dxe6 1-0


[Site "https://www.chess.com"]

[Event "Titled Tuesday Blitz November 14 Late 2023"]
[White "Likvidator228"]
[Black "Rorrer, Grayson"]
[BlackFideId "30944996"]
[WhiteElo "2574"]
[BlackElo "2720"]
[Result "1/2-1/2"]
[Round "11"]
[TimeControl "180+1"]
[Date "2023.11.14"]
[WhiteClock "0:00:11"]
[BlackClock "0:00:16"]
[Board "27"]

1. d4 Nf6 2. Nf3 e6 3. Bf4 c5 4. e3 cxd4 5. exd4 d6 6. c3 Be7 7. Bd3 O-O 8. O-O b6 9. Nbd2 Bb7 10. h3 Nbd7 11. Re1 Re8 12. Qe2 a6 13. Rad1 Qc7 14. Ne4 Nxe4 15. Bxe4 Bxe4 16. Qxe4 Nf6 17. Qd3 b5 18. a3 Rad8 19. Bg5 h6 20. Bxf6 Bxf6 21. Nd2 Be7 22. Ne4 d5 23. Nd2 Bd6 24. b4 Rc8 25. Rc1 Bf4 26. Rc2 e5 27. dxe5 Rxe5 28. Rxe5 Qxe5 29. Nf3 Qe4 30. Qxe4 dxe4 31. Nd4 Rd8 32. Re2 Bc1 33. Rxe4 Bxa3 34. Re7 Bxb4 35. cxb4 Rxd4 36. Re8+ Kh7 37. Ra8 Rd6 38. g4 g5 39. Kg2 Kg6 40. Kg3 f6 41. f3 h5 42. gxh5+ Kxh5 43. Ra7 f5 44. Rh7+ Kg6 45. Ra7 Kh5 46. Rh7+ Rh6 47. Rxh6+ Kxh6 48. f4 Kg6 49. fxg5 Kxg5 50. Kf3 a5 51. bxa5 b4 52. a6 b3 53. a7 b2 54. a8=Q b1=Q 55. Qg8+ Kf6 56. Qf8+ Kg6 57. Qg8+ Kf6 58. Qf8+ Ke5 59. Qe7+ Kd5 60. Qd7+ Ke5 61. Qg7+ Kd5 62. Qf7+ Kd4 63. Qf6+ Kc4 64. Qe6+ Kd4 65. Qd6+ Kc4 66. Qc6+ Kd4 67. Qd6+ Kc4 68. Kf4 Qe4+ 69. Kg5 Qg2+ 70. Kxf5 Qxh3+ 71. Kf6 Qh6+ 72. Ke7 Qg7+ 73. Kd8 Qg8+ 74. Kc7 Qf7+ 75. Qd7 Qxd7+ 76. Kxd7 1/2-1/2


[Site "https://www.chess.com"]

[Event "Titled Tuesday Blitz November 14 Late 2023"]
[White "Ozates, Tuna"]
[Black "Zeltsan, Joseph"]
[WhiteFideId "6354521"]
[BlackFideId "30932980"]
[WhiteElo "2572"]
[BlackElo "2720"]
[Result "0-1"]
[Round "11"]
[TimeControl "180+1"]
[Date "2023.11.14"]
[WhiteClock "0:00:26"]
[BlackClock "0:00:18"]
[Board "28"]

1. e4 c5 2. Nf3 d6 3. c3 Nf6 4. Bb5+ Nbd7 5. Qe2 a6 6. Ba4 b5 7. Bc2 Bb7 8. d3 e5 9. O-O Be7 10. Nbd2 O-O 11. Re1 Re8 12. Nf1 Bf8 13. Ng3 g6 14. h4 d5 15. h5 c4 16. hxg6 hxg6 17. Bg5 cxd3 18. Bxd3 Nc5 19. Rad1 Be7 20. Bxf6 Bxf6 21. exd5 Bxd5 22. Ne4 Qb6 23. Nxc5 Qxc5 24. Be4 Rad8 25. Bxd5 Rxd5 26. Rxd5 Qxd5 27. Rd1 Qxa2 28. Qe4 Qe6 29. g4 Rd8 30. Rxd8+ Bxd8 31. Qa8 Qxg4+ 32. Kf1 Kg7 33. Nxe5 Qh3+ 34. Kg1 Bf6 35. Nf3 a5 36. Qb7 a4 37. Nh2 Be5 38. Nf3 Qg4+ 39. Kf1 Qc4+ 40. Kg2 Bf6 41. Nd2 Qg4+ 42. Kh2 Qh4+ 43. Kg2 Qg5+ 44. Kf3 Qxd2 45. Qxb5 a3 0-1


[Site "https://www.chess.com"]

[Event "Titled Tuesday Blitz November 14 Late 2023"]
[White "Hambleton, Aman"]
[Black "Shapiro, Viktor"]
[WhiteFideId "2606577"]
[BlackFideId "4175700"]
[WhiteElo "2714"]
[BlackElo "2564"]
[Result "0-1"]
[Round "11"]
[TimeControl "180+1"]
[Date "2023.11.14"]
[WhiteClock "0:00:00"]
[BlackClock "0:00:20"]
[Board "29"]

1. d4 Nf6 2. c4 e6 3. Nc3 c5 4. d5 exd5 5. cxd5 d6 6. e4 g6 7. h3 Bg7 8. Nf3 O-O 9. Bd3 b5 10. Nxb5 Nxe4 11. Bxe4 Re8 12. Ng5 f5 13. O-O fxe4 14. Re1 a6 15. Nc3 Bf5 16. g4 Bf6 17. Ngxe4 Bxe4 18. Nxe4 Bd4 19. Kg2 Nd7 20. Bg5 Qb6 21. Qc2 Rf8 22. Re2 Rae8 23. Rd1 Re5 24. Bh4 Rxd5 25. Bg3 Ne5 26. Bxe5 dxe5 27. b3 Rdd8 28. Rde1 Qc6 29. Kg1 Rf4 30. Qc4+ Kg7 31. Kh2 Rdf8 32. Qd3 Rf3 33. Qd1 R8f4 34. Qc2 h5 35. gxh5 gxh5 36. Rg1+ Kh6 37. Rg3 Qe6 0-1


[Site "https://www.chess.com"]

[Event "Titled Tuesday Blitz November 14 Late 2023"]
[White "Vafin, Ayrat"]
[Black "Goltsev, Dmitry"]
[WhiteFideId "4146530"]
[BlackFideId "24176710"]
[WhiteElo "2545"]
[BlackElo "2708"]
[Result "0-1"]
[Round "11"]
[TimeControl "180+1"]
[Date "2023.11.14"]
[WhiteClock "0:00:00"]
[BlackClock "0:00:04"]
[Board "30"]

1. Nf3 d5 2. g3 c6 3. Bg2 g6 4. O-O Bg7 5. c4 e5 6. cxd5 cxd5 7. d3 Ne7 8. Nc3 O-O 9. Bg5 Nbc6 10. Qb3 h6 11. Bxe7 Nxe7 12. Nd2 Be6 13. Qxb7 Rb8 14. Qxa7 Rxb2 15. Nb3 d4 16. Na4 Rxe2 17. Nac5 Bd5 18. Rfe1 Rc2 19. Bxd5 Nxd5 20. a4 Qf6 21. Rf1 Qf3 22. Rac1 Rb2 23. Qb7 Kh7 24. Rb1 Rc2 25. Ne4 Rd8 26. Nbd2 Qe2 27. Qxf7 Rc7 28. Nf6+ Kh8 29. Qxg6 Nxf6 30. Ne4 Qh5 31. Qxh5 Nxh5 32. Rb6 Rf8 33. a5 Nf6 34. Nd6 Ra7 35. Rb5 Rd8 36. Nf5 Rd5 37. Rxd5 Nxd5 38. Ra1 Nc3 39. Nd6 Bf8 40. Nb5 Nxb5 41. Rb1 Nc3 42. Kg2 Nxb1 43. Kf3 Nc3 0-1


[Site "https://www.chess.com"]

[Event "Titled Tuesday Blitz November 14 Late 2023"]
[White "Weimarraner"]
[Black "Adla, Diego"]
[BlackFideId "100072"]
[WhiteElo "2554"]
[BlackElo "2653"]
[Result "0-1"]
[Round "11"]
[TimeControl "180+1"]
[Date "2023.11.14"]
[WhiteClock "0:00:51"]
[BlackClock "0:01:56"]
[Board "31"]

1. d4 Nf6 2. Nf3 d5 3. e3 c5 4. dxc5 Qa5+ 5. Nbd2 Qxc5 6. a3 Qc7 7. c4 g6 8. b4 Bg7 9. Bb2 O-O 10. cxd5 Nxd5 11. Rc1 Qd8 12. Bxg7 Kxg7 13. Bc4 Nc6 14. O-O Nf6 15. Qb3 e6 16. Rfd1 Qe7 17. Qb2 Bd7 18. Ne4 Rfd8 19. g4 e5 20. Nxf6 Qxf6 21. Bd5 Bxg4 22. Bxc6 Rxd1+ 23. Rxd1 bxc6 0-1


[Site "https://www.chess.com"]

[Event "Titled Tuesday Blitz November 14 Late 2023"]
[White "Maltsevskaya, Aleksandra"]
[Black "Statham_l3"]
[WhiteFideId "24174041"]
[WhiteElo "2643"]
[BlackElo "2545"]
[Result "0-1"]
[Round "11"]
[TimeControl "180+1"]
[Date "2023.11.14"]
[WhiteClock "0:00:02"]
[BlackClock "0:00:06"]
[Board "32"]

1. e4 e5 2. Nf3 Nc6 3. Bb5 Nf6 4. O-O Nxe4 5. d4 Nd6 6. Bxc6 dxc6 7. dxe5 Nf5 8. Qxd8+ Kxd8 9. b3 Be6 10. Bb2 Ke8 11. Nbd2 Rd8 12. Ne4 Be7 13. Rfe1 h5 14. c4 h4 15. h3 Rh6 16. Nfg5 Bc8 17. Rad1 Rxd1 18. Rxd1 Rg6 19. f4 f6 20. Nf3 Rxg2+ 21. Kxg2 Ne3+ 22. Kh2 Nxd1 23. Ba1 Bf5 24. Ned2 fxe5 25. Bxe5 Bd6 26. Nxh4 Bd3 27. Kg3 Bxe5 28. fxe5 Nc3 29. a3 c5 30. Kf4 a5 31. e6 Ke7 32. Ke5 Ne2 33. Nhf3 Bg6 34. Nf1 Nc1 35. Ne1 Nxb3 36. Ne3 c6 37. N1g2 Nc1 38. Kf4 Nd3+ 39. Kg5 Be4 40. Nf4 Ne5 41. h4 Nf3+ 42. Kg4 Ne5+ 43. Kg3 b5 44. cxb5 cxb5 45. Ne2 b4 46. axb4 cxb4 47. Kf4 Bd3 48. Nd4 Nc4 49. Nd5+ Kd6 50. e7 Bg6 51. Kg5 Be8 52. Nf4 Kxe7 53. Nd5+ Kd6 54. Ne3 Nxe3 55. Kf4 Nd5+ 56. Ke4 Kc5 57. Kd3 Bg6+ 58. Ke2 Kxd4 59. Kf3 Bh5+ 60. Kg3 b3 0-1


[Site "https://www.chess.com"]

[Event "Titled Tuesday Blitz November 14 Late 2023"]
[White "JackRodgers"]
[Black "reevecanada"]
[WhiteElo "2544"]
[BlackElo "2643"]
[Result "1-0"]
[Round "11"]
[TimeControl "180+1"]
[Date "2023.11.14"]
[WhiteClock "0:00:19"]
[BlackClock "0:00:29"]
[Board "33"]

1. d4 Nf6 2. Bg5 d5 3. Bxf6 gxf6 4. e3 c5 5. dxc5 e5 6. e4 d4 7. Bc4 Bxc5 8. c3 Qb6 9. Qb3 dxc3 10. Qxb6 Bxb6 11. Nxc3 Be6 12. Nd5 Ba5+ 13. Ke2 Nc6 14. Nf3 O-O-O 15. Rhd1 f5 16. exf5 Bxf5 17. Rac1 Kb8 18. Bb5 e4 19. Nh4 Be6 20. Bxc6 bxc6 21. Ne7 Rxd1 22. Kxd1 Rd8+ 23. Ke2 Bg4+ 24. f3 exf3+ 25. gxf3 Rd2+ 26. Ke3 Bd7 27. b4 Rxh2 28. bxa5 Rxh4 29. Nxc6+ Kb7 30. Nd8+ Ka6 31. Nxf7 Be6 32. Rc6+ Kxa5 33. Rxe6 Ra4 34. Re7 Ra3+ 35. Kf4 a6 36. Nd6 Rxa2 37. Rxh7 Kb4 38. Rb7+ Kc5 39. Ne4+ Kc6 40. Ra7 a5 41. Ke5 Kb6 42. Ra8 Ra3 43. f4 a4 44. f5 Ra1 45. f6 a3 46. f7 Rf1 47. f8=Q Rxf8 48. Rxf8 a2 49. Ra8 Kb5 50. Rxa2 Kc4 51. Rd2 Kb4 52. Ng5 Ka3 53. Rd4 Ka2 54. Kd5 Ka1 55. Rb4 Ka2 56. Kc4 Ka1 57. Rb8 Ka2 58. Kc3 Ka1 59. Kc2 Ka2 60. Ra8# 1-0


[Site "https://www.chess.com"]

[Event "Titled Tuesday Blitz November 14 Late 2023"]
[White "Adewumi, Tanitoluwa"]
[Black "Ongut, Tamas Gunes"]
[WhiteFideId "30966396"]
[BlackFideId "770280"]
[WhiteElo "2624"]
[BlackElo "2536"]
[Result "1-0"]
[Round "11"]
[TimeControl "180+1"]
[Date "2023.11.14"]
[WhiteClock "0:00:06"]
[BlackClock "0:00:58"]
[Board "34"]

1. e4 c5 2. Nf3 d6 3. Bb5+ Nd7 4. c3 Nf6 5. Bd3 g5 6. h3 Rg8 7. Bc2 h5 8. d4 g4 9. hxg4 hxg4 10. Ng5 e6 11. e5 dxe5 12. dxe5 Nxe5 13. Qxd8+ Kxd8 14. Bf4 Ke7 15. Na3 Ng6 16. Bxg6 Rxg6 17. Nc4 Nd5 18. Bd6+ Ke8 19. Rh8 Rxg5 20. Rxf8+ Kd7 21. Rxf7+ Kc6 22. O-O-O b5 23. Bf4 Rf5 24. Ne5+ Rxe5 25. Bxe5 Bd7 26. b3 Be8 27. Rg7 c4 28. Rd4 cxb3 29. axb3 a5 30. c4 bxc4 31. bxc4 Nb4 32. Rc7+ Kb6 33. Re7 Nc6 34. Rd6 Kc5 35. Rexe6 Nxe5 36. Rd5+ Kxc4 37. Rexe5 Rc8 38. Rxa5 Kb4+ 39. Kd2 Bg6 40. Rad5 Rc4 41. Ke3 Bc2 42. Rd4 Rxd4 43. Kxd4 Kb3 44. Rg5 Bd1 45. Ke3 Kc2 46. Rc5+ Kb3 47. Rd5 Bc2 48. Rd4 g3 49. fxg3 Kc3 50. g4 Bg6 51. g5 Bb1 52. Rd6 Bf5 53. g6 Bb1 54. g7 Ba2 55. Rd8 Kb3 56. g8=Q+ Ka3 57. Ra8+ Kb2 58. Qxa2+ Kc1 59. Rc8+ Kd1 60. Qe2# 1-0


[Site "https://www.chess.com"]